 Dungeon Crawl Stone Soup version 0.30-a0-618-gd6c86c23d0 (webtiles) character file.

Game seed: 2717293663837689086

25194 wormed the Covert (level 13, -11/81 HPs)
             Began as a Kobold Brigand on Jan 9, 2023.
             Was a Follower of Uskayaw.
             Mangled by a 12-headed hydra (14 damage)
             ... on level 1 of the Lair of Beasts.
             The game lasted 00:15:45 (14072 turns).

wormed the Covert (Kobold Brigand)                 Turns: 14072, Time: 00:15:45

Health: -11/81     AC:  8    Str:  9    XL:     13   Next: 48%
Magic:  22/22      EV: 28    Int: 17    God:    Uskayaw [*.....]
Gold:   1200       SH: 13    Dex: 26    Spells: 12/12 levels left

rFire   . . .      SeeInvis .    u - +4 dagger "Dyq Sott" {freeze, Int+4}
rCold   . . .      Faith    .    l - +1 buckler
rNeg    . . .      Spirit   .    c - +0 troll leather armour
rPois   .          Reflect  +    M - +1 helmet
rElec   .          Harm     .    R - scarf {shadows}
rCorr   .          Rampage  .    w - +0 pair of gloves
Will    .....                    Q - +0 pair of boots {Stlth+}
Stlth   ++++++++                 q - amulet of reflection
HPRegen 1.13/turn                n - +6 ring of dexterity
MPRegen 0.18/turn                s - +5 ring of evasion

@: no status effects
A: small, no large weapons, nightstalker 3
a: Renounce Religion, Stomp


You were on level 1 of the Lair of Beasts.
You worshipped Uskayaw.
Uskayaw was pleased with you.
You visited 2 branches of the dungeon, and saw 12 of its levels.
You also visited: Ossuary and Bailey.

You collected 1200 gold pieces.

Inventory:

Hand Weapons
 a - a +3 spectral dagger
 u - the +4 dagger "Dyq Sott" (weapon) {freeze, Int+4}
   (You found it on level 3 of the Dungeon)

   Int:       It affects your intelligence (+4).
Missiles
 d - 62 poisoned darts
 e - 7 curare-tipped darts
 A - 2 throwing nets (quivered)
Armour
 c - a +0 troll leather armour (worn)
 l - a +1 buckler (worn)
 w - a +0 pair of gloves (worn)
 M - a +1 helmet (worn)
 Q - a +0 pair of boots of stealth (worn)
 R - a scarf of shadows (worn)
Jewellery
 i - a ring of willpower
 k - a ring of poison resistance
 n - a +6 ring of dexterity (left hand)
 p - a ring of ice
 q - an amulet of reflection (around neck)
 s - a +5 ring of evasion (right hand)
 x - a ring of ice
 I - a ring of resist corrosion
 J - a ring of see invisible
 T - a ring of protection from fire
Wands
 b - a wand of polymorph (18)
 o - a wand of paralysis (11)
 r - a wand of iceblast (13)
 t - a wand of light (6)
 B - a wand of flame (33)
 S - a wand of digging (4)
Scrolls
 F - 2 scrolls of enchant weapon
 L - a scroll of teleportation
 O - a scroll of enchant armour
 P - 2 scrolls of brand weapon
 U - 4 scrolls of identify
Potions
 f - 2 potions of berserk rage
 g - 7 potions of flight
 h - 12 potions of curing
 j - 3 potions of mutation {unknown}
 m - 4 potions of degeneration {unknown}
 v - 3 potions of attraction
 z - 2 potions of invisibility
 C - 3 potions of ambrosia {unknown}
 D - 4 potions of haste {unknown}
 E - 3 potions of lignification
 G - a potion of resistance
 H - a potion of magic
 K - 2 potions of heal wounds {unknown}
 N - 3 potions of brilliance {unknown}
 V - a potion of might {unknown}


   Skills:
 + Level 9.7 Fighting
 - Level 10.0 Short Blades
 - Level 2.1 Throwing
 + Level 10.4 Dodging
 + Level 13.3 Stealth
 + Level 7.0 Shields
 * Level 12.9 Invocations


You had 12 spell levels left.
You didn't know any spells.
Your spell library contained the following spells:

 Spells                   Type           Power      Damage    Failure   Level
 Apportation              Tloc           0%         N/A       41%         1
 Kiss of Death            Conj/Necr      0%         2d5       41%         1
 Slow                     Hex            0%         N/A       41%         1
 Blink                    Tloc           0%         N/A       56%         2
 Cigotuvi's Dreadful Rot  Necr/Pois/Air  0%         N/A       56%         2
 Ensorcelled Hibernation  Hex/Ice        0%         N/A       56%         2
 Confusing Touch          Hex            0%         N/A       80%         3
 Spider Form              Tmut/Pois      0%         N/A       80%         3
 Vampiric Draining        Necr           0%         2d6       80%         3
 Airstrike                Air            0%         2d(0-16)  99%         4
 Anguish                  Hex/Necr       0%         N/A       99%         4
 Dispel Undead            Necr           0%         3d6       99%         4
 Manifold Assault         Tloc           0%         N/A       99%         4
 Olgreb's Toxic Radiance  Pois           0%         N/A       99%         4
 Summon Lightning Spire   Summ/Air       0%         N/A       99%         4
 Alistair's Intoxication  Tmut/Pois      0%         N/A       100%        5
 Lightning Bolt           Conj/Air       0%         1d11      100%        5
 Death Channel            Necr           0%         N/A       100%        6
 Ozocubu's Refrigeration  Ice            0%         4d7       100%        7
 Storm Form               Tmut/Air       0%         N/A       100%        7
 Ignition                 Fire           0%         3d3       100%        8


Dungeon Overview and Level Annotations

Branches:
Dungeon (11/15)            Temple (0/1) D:7            Lair (1/5) D:9
    Orc (0/2) D:9         Ossuary (visited)          Bailey (visited)

Altars:
Ashenzari
Cheibriados
Dithmenos
Fedhas
Uskayaw
Wu Jian
The Shining One

Annotations:
Lair:1 Tuexibol's ghost, journeyman TrFi


Innate Abilities, Weirdness & Mutations

You are small and have problems with some larger weapons.
You are completely attuned to the shadows.


Message History

You hit the 12-headed hydra.
The 12-headed hydra seems to slow down.
You freeze the 12-headed hydra.
The 12-headed hydra is lightly wounded.
You block the 12-headed hydra's attack. The 12-headed hydra misses you.
The 12-headed hydra completely misses you.
The 12-headed hydra misses you.
The 12-headed hydra completely misses you. x2
The 12-headed hydra bites you!
You block the 12-headed hydra's attack. x2
The 12-headed hydra misses you. x2
The 12-headed hydra bites you but does no damage.
Press: ? - help, v - describe, . - travel
Here: Tuexibol's ghost The floor.
As you read the scroll of fear, it crumbles to dust.
You assume a fearsome visage.
The 12-headed hydra easily resists.
Tuexibol's ghost is unaffected.
The 12-headed hydra looks frightened!
The 12-headed hydra bites you!
* * * LOW HITPOINT WARNING * * *
The 12-headed hydra bites you.
* * * LOW HITPOINT WARNING * * *
You block the 12-headed hydra's attack. x2
The 12-headed hydra closely misses you. The 12-headed hydra misses you.
The 12-headed hydra bites you.
* * * LOW HITPOINT WARNING * * *
The 12-headed hydra completely misses you. x2
The 12-headed hydra bites you!
* * * LOW HITPOINT WARNING * * *
The 12-headed hydra bites you.
* * * LOW HITPOINT WARNING * * *
You block the 12-headed hydra's attack.
Throw: 3 throwing nets
Press: ? - help, Q - select action, (/) - cycle Shift-Dir - straight line, f - 12-headed hydra
Aim: a 12-headed hydra (lightly wounded, slow, 83% to hit, immune to nets)
You throw a throwing net.
The throwing net hits the 12-headed hydra.
The 12-headed hydra is too large for the net to hold!
The 12-headed hydra is lightly wounded.
The 12-headed hydra completely misses you.
The 12-headed hydra misses you. The 12-headed hydra bites you!
You die...

...............................).
.............#####.##............
.............######.#........#+#.
.P.######....##..............#...
.########....P#.....P#.......#...
.##..........................#...
.......##....#P.....##...........
.##....#.........................
.##.....#.......@...##...........
.####.#......##WD'####...........
.##...###...##D....##............
............#P.....~#........####
............# #............
............# #...<........
............## ##............
.............# #.............
.............#### #..##.........


You could see 2 12-headed hydras and Tuexibol's ghost.

Vanquished Creatures
  Josephine (D:10)
  A centaur warrior (D:7)
  5 two-headed ogres
  Nergalle (Lair:1)
  A manticore (D:7)
  Joseph (D:9)
  Maurice (D:10)
  2 elephants
  3 cane toads (Lair:1)
  An unseen horror (D:11)
  3 kobold demonologists
  A rime drake (Lair:1)
  Psyche (D:9)
  8 trolls
  Prince Ribbit (D:5)
  7 wraiths
  A shadow (D:9)
  17 yaks
  2 wyverns
  2 basilisks
  3 vampire mosquitoes
  2 wargs (D:9)
  A steam dragon (D:10)
  Edmund (D:5)
  5 water moccasins
  An ice beast (D:7)
  11 orc warriors
  2 sky beasts (D:7)
  4 black bears
  4 ogres
  18 centaurs
  A phantom (D:7)
  Blork the orc (D:5)
  8 kobold brigands
  2 gnoll sergeants
  12 bullfrogs
  4 scorpions
  7 wights
  37 killer bees
  8 howler monkeys
  3 jellies
  A gnoll bouda (D:4)
  10 orc priests
  4 hounds
  Jessica (D:3)
  10 iguanas
  9 orc wizards
  8 mummies (Ossuary)
  12 gnolls
  3 adders
  7 shadow imps
  3 white imps
  5 ufetubi
  3 dart slugs
  59 orcs
  4 ball pythons
  7 bats
  8 endoplasms
  4 giant cockroaches (D:1)
  8 goblins
  10 hobgoblins
  6 quokkas
  2 frilled lizards
  2 gnoll zombies (Ossuary)
  2 hobgoblin zombies (Ossuary)
  26 kobolds
  A kobold zombie (Ossuary)
  3 orc zombies (Ossuary)
  16 rats
429 creatures vanquished.

Vanquished Creatures (others)
  6 plants (D:7)
6 creatures vanquished.

Grand Total: 435 creatures vanquished

Notes
Turn   | Place    | Note
-------+----------+-------------------------------------------
     0 | D:1      | wormed the Kobold Brigand began the quest for the Orb.
     0 | D:1      | Reached XP level 1. HP: 12/12 MP: 1/1
    71 | D:1      | Reached XP level 2. HP: 18/18 MP: 2/2
   267 | D:1      | Reached XP level 3. HP: 22/22 MP: 3/3
  1166 | D:2      | Found a faded altar of an unknown god.
  1237 | D:2      | Reached XP level 4. HP: 27/27 MP: 4/4
  1672 | D:3      | Noticed Jessica
  1674 | D:3      | Reached XP level 5. HP: 32/32 MP: 5/5
  1677 | D:3      | Killed Jessica
  1678 | D:3      | Reached skill level 6 in Stealth
  1694 | D:3      | Noticed a bullfrog
  1704 | D:3      | Killed a bullfrog
  1705 | D:3      | Reached skill level 5 in Short Blades
  1705 | D:3      | Reached skill level 1 in Shields
  1705 | D:3      | Reached XP level 6. HP: 37/37 MP: 6/6
  1711 | D:3      | Got Jessica's Encyclopedia of Lamentation
  1725 | D:3      | Identified the +4 dagger "Dyq Sott" {freeze, Int+4}
  2086 | D:3      | Noticed a +0 dagger
  2088 | D:3      | Noticed a +0 hand axe
  2091 | D:3      | Found a hide-covered altar of Uskayaw.
  2164 | D:3      | Became a worshipper of Uskayaw the Reveller
  2405 | D:4      | Reached * piety under Uskayaw
  2465 | D:4      | Reached ** piety under Uskayaw
  2561 | D:4      | Found a snail-covered altar of Cheibriados.
  2692 | D:4      | Reached *** piety under Uskayaw
  2695 | D:4      | Reached **** piety under Uskayaw
  2703 | D:4      | Reached ***** piety under Uskayaw
  2760 | D:4      | Reached skill level 1 in Invocations
  2760 | D:4      | Reached XP level 7. HP: 42/42 MP: 7/7
  2843 | D:4      | Found a shadowy altar of Dithmenos.
  2872 | D:4      | Found a glowing golden altar of the Shining One.
  2999 | D:5      | Entered Level 5 of the Dungeon
  3158 | D:5      | Noticed Edmund
  3192 | D:5      | Killed Edmund
  3268 | D:5      | Reached XP level 8. HP: 48/48 MP: 9/9
  3269 | D:5      | Reached skill level 7 in Stealth
  3291 | D:5      | Noticed Blork the orc
  3303 | D:5      | Killed Blork the orc
  3318 | D:5      | Identified the +0 leather armour of Sache {Str+4}
  3346 | D:5      | Identified the +14 chain mail of Siduij {rF++}
  3474 | D:5      | Noticed Prince Ribbit
  3491 | D:5      | Killed Prince Ribbit
  4256 | D:6      | Reached XP level 9. HP: 52/52 MP: 12/12
  4325 | D:6      | Found an ornate altar of the Wu Jian Council.
  4755 | D:6      | Reached skill level 5 in Dodging
  4757 | D:6      | Reached skill level 5 in Fighting
  4757 | D:6      | Reached skill level 8 in Stealth
  4762 | D:6      | Reached skill level 5 in Invocations
  5373 | D:7      | Reached XP level 10. HP: 60/60 MP: 14/14
  5416 | D:7      | Identified the +2 leather armour of Egapse {SInv}
  5496 | D:7      | Found a sand-covered staircase.
  5580 | Ossuary  | Entered an ossuary
  6048 | D:7      | Noticed a centaur warrior
  6058 | D:7      | Killed a centaur warrior
  6059 | D:7      | Reached skill level 10 in Short Blades
  6059 | D:7      | Reached skill level 9 in Stealth
  6076 | D:7      | Reached ****** piety under Uskayaw
  6375 | D:7      | Noticed a manticore
  6381 | D:7      | Killed a manticore
  6553 | D:7      | Reached XP level 11. HP: 60/66 MP: 17/17
  6798 | D:7      | Found a staircase to the Ecumenical Temple.
  6827 | D:7      | Reached skill level 10 in Stealth
  7572 | D:8      | Found a flagged portal.
  7585 | Bailey   | Entered a bailey
  8300 | D:8      | Reached skill level 5 in Shields
  9412 | D:9      | Found a staircase to the Orcish Mines.
  9648 | D:9      | Found a staircase to the Lair.
  9648 | D:9      | Noticed an elephant
  9652 | D:9      | Killed an elephant
  9694 | D:9      | Noticed Joseph
  9707 | D:9      | Killed Joseph
  9708 | D:9      | Reached skill level 11 in Stealth
  9786 | D:9      | Noticed Psyche
  9808 | D:9      | Killed Psyche
  9809 | D:9      | Reached skill level 10 in Invocations
  9930 | D:9      | Found a broken altar of Ashenzari.
 10222 | D:9      | Found a blossoming altar of Fedhas.
 10289 | D:9      | Reached XP level 12. HP: 70/73 MP: 19/19
 10654 | D:10     | Entered Level 10 of the Dungeon
 10797 | D:10     | Noticed a two-headed ogre
 10807 | D:10     | Killed a two-headed ogre
 10943 | D:10     | Noticed Josephine
 10947 | D:10     | Killed Josephine
 11101 | D:10     | Noticed a two-headed ogre
 11103 | D:10     | Killed a two-headed ogre
 11133 | D:10     | Noticed Maurice
 11155 | D:10     | Killed Maurice
 11180 | D:10     | Reached skill level 12 in Stealth
 11694 | D:11     | Noticed a sun demon
 11729 | D:11     | Noticed a two-headed ogre
 11735 | D:11     | Killed a two-headed ogre
 11926 | D:11     | Noticed a two-headed ogre
 11936 | D:11     | Killed a two-headed ogre
 12079 | D:11     | Reached XP level 13. HP: 16/80 MP: 14/21
 12903 | D:11     | Reached skill level 10 in Dodging
 12916 | D:11     | Identified the +7 sling of Blood {drain, rF- rN+ Str+2
                  | SInv}
 12925 | D:11     | Reached skill level 13 in Stealth
 13025 | Lair:1   | Entered Level 1 of the Lair of Beasts
 13192 | Lair:1   | Found a runed translucent gate.
 13192 | Lair:1   | Found a runed translucent gate.
 13192 | Lair:1   | Found a runed translucent gate.
 13655 | Lair:1   | Noticed Nergalle
 13658 | Lair:1   | Killed Nergalle
 13731 | Lair:1   | Noticed a 12-headed hydra
 14063 | Lair:1   | Noticed Tuexibol's ghost (journeyman TrFi)
 14064 | Lair:1   | Noticed a 12-headed hydra
 14071 | Lair:1   | HP: 4/81 [12-headed hydra (10)]
 14072 | Lair:1   | Mangled by a 12-headed hydra

Illustrated notes

Levels and vault maps discovered:
D:1:      dpeg_arrival_ratfight, layout_basic
D:2:      layout_basic, chequers_ecumenical_altar_twisty, amethyst_killhole,
          minivault_27, minmay_quantized
D:3:      layout_basic, dancing_weapons_uskayaw, kennysheep_jessica_study
D:4:      layout_cave_pools, mainiacjoe_overflow_alcove_1,
          mainiacjoe_overflow_divided_tiny
D:5:      layout_basic, serial_demonic, serial_demonic_e, serial_demonic_d,
          serial_demonic_b, serial_demonic_a, uniq_prince_ribbit1,
          uniq_blork_the_orc, uniq_edmund
D:6:      minmay_diamond_boxcup, layout_loops_corners,
          mainiacjoe_overflow_catwalk
D:7:      nzn_winding_woodlands_stair_cross
          [nzn_winding_woodlands_5x15_longhouse,
          nzn_winding_woodlands_center_garden,
          nzn_winding_woodlands_5x15_pockets,
          nzn_winding_woodlands_5x5_open_star,
          nzn_winding_woodlands_5x5_checkerboard,
          nzn_winding_woodlands_5x15_pathside_ponds,
          nzn_winding_woodlands_center_lodge,
          nzn_winding_woodlands_5x15_concentric], layout_loops_corners,
          minmay_temple_entry_grid, nicolae_ossuary_entry_false_entrances
D:8:      layout_layer_cave, enter_bailey_5
D:9:      layout_irregular_city, fedhas_altar_4, cheibrodos_ashenzari_chains,
          david_lair_generic, erik_orc_4, uniq_joseph, uniq_psyche
D:10:     layout_roguey, minmay_misc_feat_chi, uniq_maurice, uniq_josephine
D:11:     wad_woods_minihive, layout_basic
Lair:1:   layout_regular_city, gammafunk_ghost_hydra_chop, uniq_nergalle

Skill      XL: |  1  2  3  4  5  6  7  8  9 10 11 12 13 |
---------------+----------------------------------------+-----
Short Blades   | 3 4 5 6 7 9 10 | 10.0
Dodging        | 2 3 4 5 7 8 9 10 | 10.4
Fighting       | 3 4 5 6 7 9 |  9.7
Stealth        | 6 7 8 9 11 12 13 | 13.3
Shields        | 1 2 3 4 5 6 7 |  7.0
Invocations    | 1 2 4 6 8 10 11 12 | 12.9
Throwing       | |  2.1

Action                   |  1- 3 |  4- 6 |  7- 9 | 10-12 | 13-15 || total
-------------------------+-------+-------+-------+-------+-------++-------
Melee: Dagger            |    83 |   120 |   223 |   953 |   164 ||  1543
       Punch             |     1 |       |       |       |       ||     1
Throw: Throwing net      |       |       |       |       |     1 ||     1
Invok: Line Pass         |       |       |       |     1 |       ||     1
       Stomp             |       |       |       |     2 |     1 ||     3
Evoke: Wand              |       |       |       |       |     1 ||     1
  Use: Scroll            |       |     5 |     4 |     9 |     1 ||    19
       Potion            |       |       |       |     1 |       ||     1
 Stab: Sleeping          |    27 |    19 |    15 |    46 |    13 ||   120
       Distracted        |       |     2 |       |     3 |     5 ||    10
       Paralysed         |       |     1 |    16 |    51 |    13 ||    81
Armor: Robe              |     9 |       |       |       |       ||     9
       Leather armour    |     4 |    14 |    11 |    42 |       ||    71
       Troll leather arm |       |       |       |    26 |     6 ||    32
Dodge: Dodged            |    35 |    42 |   114 |   548 |   119 ||   858
Block: Buckler           |     2 |    48 |    94 |   450 |   107 ||   701
       Reflection        |       |     1 |     2 |     5 |     6 ||    14

Table legend: (Time is in decaauts)
 A = Elapsed time spent in this place.
 B = Non-inter-level travel time spent in this place.
 C = Inter-level travel time spent in this place.
 D = Time resting spent in this place.
 E = Time spent auto-exploring this place.
 F = Levels seen in this place.
 G = Mean time per level.
                   A        B        C        D        E       F      G
               +--------+--------+--------+--------+--------+-----+--------+
         Total |  13510 |  12876 |    634 |      1 |  10608 |  14 |  965.0 |
       Dungeon |  11737 |  11104 |    633 |      1 |   9220 |  11 | 1067.0 |
          Lair |   1033 |   1033 |      0 |      0 |    962 |   1 | 1033.0 |
       Ossuary |    210 |    210 |      0 |      0 |    135 |   1 |  210.0 |
        Bailey |    530 |    530 |      0 |      0 |    290 |   1 |  530.0 |
               +--------+--------+--------+--------+--------+-----+--------+

Top non-repeatable levels by time:
     D:7: 1651 daAuts
     D:8: 1441 daAuts
    D:11: 1291 daAuts
     D:9: 1261 daAuts
     D:6: 1207 daAuts
  Lair:1: 1033 daAuts
     D:5: 1017 daAuts
    D:10: 906 daAuts
     D:3: 845 daAuts
     D:2: 752 daAuts
     D:1: 735 daAuts
     D:4: 625 daAuts
  Bailey: 530 daAuts
 Ossuary: 210 daAuts
